 Dungeon Crawl Stone Soup version 0.17.1-1-g73c8601 (webtiles) character file.

237 JustSomeDude the Covert (level 6, -11/55 HPs)
             Began as a Naga Assassin on Dec 23, 2015.
             Was a Follower of Nemelex Xobeh.
             Mangled by Grinder the hell beast (13 damage)
             ... on level 3 of the Dungeon.
             The game lasted 00:09:12 (2358 turns).

JustSomeDude the Covert (Naga Assassin)             Turns: 2358, Time: 00:09:14

Health: -11/55     AC:  4    Str: 14    XL:     6   Next: 6%
Magic:  7/7        EV: 10    Int: 11    God:    Nemelex Xobeh [*.....]
Gold:   75         SH:  0    Dex: 14    Spells: 0 memorised, 5 levels left

rFire  . . .     SeeInvis +     p - +0 short sword (venom)
rCold  . . .     Clarity  .     c - +0 robe
rNeg   . . .     SustAt   .     (no shield)
rPois  +         Gourm    .     (no helmet)
rElec  .         Spirit   .     d - +0 cloak
rCorr  .         Warding  .     (no gloves)
rMut   .         Stasis   .     (no barding)
MR     .....                    (no amulet)
Stlth  ++++......               (no ring)
                                (no ring)

@: very slow, not resistant to hostile enchantments, stealthy
A: see invisible, deformed body, poison resistance, slowness 2, slow metabolism
1, spit poison 2, AC +2
a: Spit Poison, Renounce Religion


You were on level 3 of the Dungeon.
You worshipped Nemelex Xobeh.
Nemelex Xobeh was aware of your devotion.
You were full.

You visited 1 branch of the dungeon, and saw 3 of its levels.

You collected 75 gold pieces.

Inventory:

Hand Weapons
 a - a +2 dagger
 p - a +0 short sword of venom (weapon)
 q - a +4 blowgun
Missiles
 e - 41 poisoned needles
Armour
 c - a +0 robe (worn)
 d - a +0 cloak (worn)
Scrolls
 h - 3 scrolls of amnesia {unknown}
 i - 2 scrolls of teleportation {unknown}
 k - 2 scrolls of identify {unknown}
 m - 3 scrolls of random uselessness {unknown}
 n - 3 scrolls of remove curse {unknown}
 o - a scroll of magic mapping {unknown}
 r - a scroll of fog {unknown}
Miscellaneous
 j - an ornate deck of destruction {drawn: 11}
Comestibles
 b - 3 fruits
 g - 2 bread rations
 l - a meat ration
 s - a slice of pizza


   Skills:
 + Level 2.7 Fighting
 + Level 2.3 Short Blades
 + Level 2.0 Throwing
 + Level 1.9 Dodging
 * Level 8.7 Stealth
 * Level 2.0 Evocations


You had 5 spell levels left.
You didn't know any spells.

Dungeon Overview and Level Annotations

Branches:
Dungeon (3/15)

Altars:
Nemelex Xobeh

Annotations:
D:3 Grinder


Innate Abilities, Weirdness & Mutations

You cannot wear boots.
Your serpentine skin is tough (AC +2).
You have supernaturally acute eyesight.
Armour fits poorly on your strangely shaped body.
Your system is resistant to poisons.
You cover ground very slowly.
You have a slow metabolism.
You can spit poison.


Message History

2 poisoned needles.
The floor.
Unknown command.
Evoke which item? (* to show all) (? for menu, Esc to quit)
You draw a card...
It is Pain.
You have drawn Pain.
Press: ? - help, Shift-Dir - straight line, f/p - Grinder
Aim: Grinder the hell beast (misshapen and mutated) Grinder is unaffected.
Grinder bites you.
Grinder tramples you but does no damage.
Drink which item? (? for menu, Esc to quit)
It was a potion of cancellation.
Your magical effects are unravelling.
You feel magically purged.
You feel less vulnerable to poison. Grinder bites you!!
* * * LOW HITPOINT WARNING * * *
Grinder tramples you!
You die...
Your body disappears without a glow.

..# #.
#.# . #.#
. #.# #
#. #.#
#.#.##.#
##......#
#....(2@#
#.##.##.#
#.##.# #
#.##.#
#.##.##.#
#.......#
.. ..
####.####
.# ...
#.###
.#....
#...#


You could see Grinder the hell beast.

Vanquished Creatures
  Sigmund (D:2)
  2 adders (D:2)
  A river rat (D:2)
  An ooze (D:2)
  2 worms (D:2)
  2 giant geckos
  6 goblins
  8 hobgoblins
  A quokka (D:2)
  6 bats
  2 giant cockroaches
  2 giant newts
  4 kobolds
  5 rats
43 creatures vanquished.

Notes
Turn   | Place    | Note
--------------------------------------------------------------
     0 | D:1      | JustSomeDude the Naga Assassin began the quest for the Orb.
     0 | D:1      | Reached XP level 1. HP: 19/19 MP: 1/1
    14 | D:1      | Reached skill level 6 in Stealth
   314 | D:1      | Reached XP level 2. HP: 26/26 MP: 2/2
   323 | D:1      | Found a sparkling altar of Nemelex Xobeh.
   354 | D:1      | Became a worshipper of Nemelex Xobeh the Trickster
   373 | D:1      | Received a gift from Nemelex Xobeh
   703 | D:1      | Reached skill level 1 in Dodging
  1051 | D:2      | Reached XP level 3. HP: 32/32 MP: 3/3
  1244 | D:2      | Reached skill level 7 in Stealth
  1374 | D:2      | Noticed Sigmund
  1392 | D:2      | Reached skill level 1 in Evocations
  1392 | D:2      | Reached XP level 4. HP: 21/39 MP: 4/4
  1468 | D:2      | Killed Sigmund
  1468 | D:2      | Reached skill level 8 in Stealth
  1468 | D:2      | Reached XP level 5. HP: 3/46 MP: 4/6
  1761 | D:2      | Reached XP level 6. HP: 55/55 MP: 7/7
  2318 | D:3      | Reached * piety under Nemelex Xobeh
  2347 | D:3      | Noticed Grinder
  2356 | D:3      | Noticed Grinder
  2356 | D:3      | Grinder changed into Grinder the hell beast
  2358 | D:3      | HP: 2/55 [Grinder the hell beast (18)]
  2358 | D:3      | Mangled by Grinder the hell beast

Action                   |  1- 3 |  4- 6 || total
-------------------------+-------+-------++-------
Melee: Dagger            |    79 |       ||    79
       Short sword       |     3 |    42 ||    45
 Fire: Blowgun           |       |     7 ||     7
Evoke: Deck              |     5 |     6 ||    11
  Use: Potion            |       |     2 ||     2
 Stab: Sleeping          |    11 |     3 ||    14
  Eat: Bread ration      |     1 |     1 ||     2
